[Event "Titled Tuesday Blitz January 17 Early 2023"]
[White "Myshakov, Fyodor"]
[Black "Orujov, Elshad"]
[WhiteFideId "14111284"]
[BlackFideId "13403540"]
[WhiteElo "2292"]
[BlackElo "2304"]
[Result "1-0"]
[Round "05"]
[TimeControl "180+2"]
[Date "2023.01.17"]
[WhiteClock "0:00:06"]
[BlackClock "0:00:01"]

1. c4 Nf6 2. Nc3 e6 3. Nf3 d5 4. cxd5 exd5 5. d4 c6 6. Bg5 Be7 7. Qc2 O-O 8. e3 Nbd7 9. Bd3 Re8 10. Ne5 h6 11. Nxd7 Bxd7 12. Bh4 Be6 13. O-O Nd7 14. Bxe7 Qxe7 15. f4 Nf6 16. Rae1 Bd7 17. h3 Ne4 18. Bxe4 dxe4 19. f5 f6 20. Rf4 Qf7 21. Rxe4 Rxe4 22. Qxe4 Re8 23. Qf4 b5 24. a3 a5 25. g4 b4 26. Ne4 Qd5 27. Nc5 Bc8 28. axb4 axb4 29. Qf2 Qc4 30. Qd2 Re7 31. Rc1 Qd5 32. e4 Qd6 33. Qf2 Ra7 34. e5 fxe5 35. dxe5 Qxe5 36. Nd3 Qc7 37. Nxb4 c5 38. Nd3 c4 39. b3 Bb7 40. bxc4 Qc6 41. Kf1 Ra8 42. Ne5 Qh1+ 43. Qg1 Qe4 44. Re1 Qf4+ 45. Qf2 Qd4 46. Qxd4 Bc6 47. Nxc6 Rc8 48. Qd5+ Kh7 49. Re7 Rf8 50. Qe5 1-0


[Site "https://www.chess.com"]

[Event "Titled Tuesday Blitz January 17 Early 2023"]
[White "Afanasieva, Alexandra"]
[Black "Sanchez, Robert"]
[WhiteFideId "34126926"]
[BlackFideId "2034360"]
[WhiteElo "1857"]
[BlackElo "1966"]
[Result "0-1"]
[Round "05"]
[TimeControl "180+2"]
[Date "2023.01.17"]
[WhiteClock "0:00:01"]
[BlackClock "0:00:14"]

1. e4 d5 2. exd5 Qxd5 3. Nc3 Qe6+ 4. Be2 Qg6 5. Bf3 Nc6 6. Nge2 e5 7. d3 Bd7 8. Be3 O-O-O 9. Qd2 f5 10. g3 Nf6 11. O-O-O Kb8 12. h4 h6 13. h5 Qe8 14. Kb1 Bb4 15. a3 Ba5 16. b4 Bb6 17. Bxb6 axb6 18. Rhe1 Nxh5 19. Nc1 Nf6 20. Nb3 g5 21. Nd5 Nxd5 22. Bxd5 Qe7 23. f4 Qg7 24. Bxc6 Bxc6 25. Rxe5 Rdf8 26. Rde1 h5 27. Qc3 Qd7 28. Nd4 gxf4 29. gxf4 h4 30. b5 Bd5 31. Nxf5 h3 32. Ne3 Bf3 33. Nf1 h2 34. Nxh2 Rxh2 35. Re7 Qxb5+ 36. Kc1 Bc6 37. Qg7 Rc8 38. Qc3 Qc5 39. Qxc5 bxc5 40. f5 Rf2 41. Rf7 Rg8 42. Ree7 Rgg2 43. Rxc7 Rxc2+ 44. Kd1 Ra2 45. Rce7 Ra1# 0-1


[Site "https://www.chess.com"]

[Event "Titled Tuesday Blitz January 17 Early 2023"]
[White "Bashirli, Saadat"]
[Black "Avazkhonov, Alikhon"]
[WhiteFideId "13429990"]
[BlackFideId "14208504"]
[WhiteElo "1571"]
[BlackElo "1538"]
[Result "1-0"]
[Round "05"]
[TimeControl "180+2"]
[Date "2023.01.17"]
[WhiteClock "0:00:36"]
[BlackClock "0:00:03"]

1. d4 Nf6 2. c4 e6 3. Nc3 Bb4 4. e3 b6 5. Bd3 Bb7 6. f3 O-O 7. Ne2 d6 8. O-O Nbd7 9. Bd2 e5 10. a3 Bxc3 11. Bxc3 Re8 12. Qc2 e4 13. fxe4 Bxe4 14. Bxe4 Rxe4 15. Qd3 Qe7 16. Rf3 Re8 17. Bd2 c5 18. Ng3 Rg4 19. h3 Rg6 20. Re1 Ne4 21. Nf5 Qg5 22. Re2 Nxd2 23. Qxd2 cxd4 24. Qxd4 Ne5 25. Rf4 h6 26. Nxd6 Rd8 27. Re4 Rdxd6 28. Qxe5 Rd1+ 29. Kh2 Qh4 30. Rxh4 Kh7 31. Qf5 Rd6 32. Qxf7 1-0


[Site "https://www.chess.com"]

[Event "Titled Tuesday Blitz January 17 Early 2023"]
[White "MitzyCaballero"]
[Black "Heinemann, Josefine"]
[BlackFideId "12900460"]
[WhiteElo "2235"]
[BlackElo "2289"]
[Result "0-1"]
[Round "05"]
[TimeControl "180+2"]
[Date "2023.01.17"]
[WhiteClock "0:00:10"]
[BlackClock "0:00:35"]

1. d4 Nf6 2. Nf3 d5 3. c4 e6 4. g3 dxc4 5. Bg2 c5 6. O-O Nc6 7. Qa4 Bd7 8. Qxc4 b5 9. Qd3 c4 10. Qd1 Rc8 11. Bf4 Be7 12. Nc3 a6 13. a3 O-O 14. e4 Na5 15. Qc2 Nb3 16. Rad1 a5 17. d5 exd5 18. exd5 Bc5 19. Bg5 h6 20. Bxf6 Qxf6 21. Ne4 Qg6 22. Ne5 Qf5 23. g4 Qxe5 24. Rfe1 Qf4 25. h3 Nd4 26. Qc3 b4 27. Qe3 Qxe3 28. fxe3 Nc2 29. Nxc5 Rxc5 30. Re2 b3 31. e4 c3 32. bxc3 Rxc3 33. Rb1 a4 34. e5 Nxa3 35. Rbb2 Nc4 36. e6 fxe6 37. dxe6 Bxe6 38. Rb1 Bf7 39. Be4 a3 40. Rf1 a2 41. Ref2 b2 42. Rxf7 Rxf7 43. Bd5 b1=Q 44. Bxf7+ Kh8 45. Rxb1 axb1=Q+ 0-1


[Site "https://www.chess.com"]

[Event "Titled Tuesday Blitz January 17 Early 2023"]
[White "Kostenko, Petr"]
[Black "Martin, Lewis"]
[WhiteFideId "13700669"]
[BlackFideId "410551"]
[WhiteElo "2371"]
[BlackElo "2135"]
[Result "1-0"]
[Round "05"]
[TimeControl "180+2"]
[Date "2023.01.17"]
[WhiteClock "0:00:10"]
[BlackClock "0:00:34"]

1. c4 Nf6 2. g3 c6 3. b3 d5 4. Bb2 Bf5 5. Bg2 e6 6. Nf3 Nbd7 7. O-O h5 8. d3 Bd6 9. Nbd2 Qc7 10. Qc2 O-O-O 11. cxd5 exd5 12. e4 dxe4 13. dxe4 Bg6 14. Nh4 Rhe8 15. Rad1 Kb8 16. a3 Bh7 17. Nc4 Bc5 18. b4 Bb6 19. Rfe1 Ng4 20. Nxb6 Qxb6 21. h3 Ngf6 22. Bd4 Qc7 23. f4 g5 24. fxg5 Qxg3 25. gxf6 Qxh4 26. Qf2 Qg5 27. Bxa7+ Ka8 28. Be3 Qg6 29. Qc2 Rg8 30. Rd2 Qxe4 31. Qa4+ Kb8 32. Ba7+ Kc8 33. Rxe4 Bxe4 34. Be3 Nxf6 35. Qa8+ Kc7 36. Bf4+ Kb6 37. Qa5# 1-0


[Site "https://www.chess.com"]

[Event "Titled Tuesday Blitz January 17 Early 2023"]
[White "Vaglio Munoz, Jaime"]
[Black "Legenia, Artem"]
[WhiteFideId "6500145"]
[BlackFideId "14136945"]
[WhiteElo "2174"]
[BlackElo "2092"]
[Result "1/2-1/2"]
[Round "05"]
[TimeControl "180+2"]
[Date "2023.01.17"]
[WhiteClock "0:00:19"]
[BlackClock "0:00:14"]

1. d4 b6 2. c4 Bb7 3. Nc3 g6 4. e4 Bg7 5. f3 e6 6. Be3 Ne7 7. d5 d6 8. Bd4 e5 9. Bf2 a6 10. g4 Nd7 11. h4 c6 12. h5 cxd5 13. h6 Bf8 14. cxd5 g5 15. Bd3 Nc5 16. Nge2 Ng6 17. b4 Nxd3+ 18. Qxd3 Be7 19. Na4 b5 20. Bb6 Qd7 21. Nac3 O-O 22. Ng3 Rfc8 23. Nce2 Rc4 24. a3 Rac8 25. Nf5 Bd8 26. Be3 a5 27. Rb1 axb4 28. axb4 Nf4 29. Nxf4 gxf4 30. Bd2 Bb6 31. Ke2 Qc7 32. Rb2 Ba7 33. Ra1 Qb6 34. Be1 Kf8 35. Rba2 Ra8 36. Nxd6 Qxd6 37. Rxa7 Rxa7 38. Rxa7 Bc8 39. Ra8 Qxh6 40. Bf2 Kg7 41. d6 Bd7 42. Ra7 Qe6 43. Qd5 Rxb4 44. Qxe6 Bxe6 45. d7 Rb2+ 46. Kd3 Bxd7 47. Rxd7 Rxf2 48. Rd5 Rxf3+ 49. Kd2 Rg3 50. Rxe5 Rxg4 51. Rxb5 Kg6 52. Ke2 h5 53. Kf3 f6 54. Ra5 Rh4 55. Ra8 Rg4 56. Ra5 Rg5 57. Ra8 Rb5 58. Kxf4 Rb4 59. Rg8+ Kf7 60. Rh8 Kg6 61. Rg8+ Kh6 62. Rf8 Rb6 63. Kf5 h4 64. Rh8+ Kg7 65. Rxh4 Rb5+ 66. Kf4 Rg5 67. Rh1 Kf7 68. Ra1 Kg6 69. Ra6 1/2-1/2


[Site "https://www.chess.com"]

[Event "Titled Tuesday Blitz January 17 Early 2023"]
[White "De Souza, Cristiano Gomes"]
[Black "Mestnikov, Aisen"]
[WhiteFideId "2151758"]
[BlackFideId "34130117"]
[WhiteElo "2018"]
[BlackElo "2078"]
[Result "0-1"]
[Round "05"]
[TimeControl "180+2"]
[Date "2023.01.17"]
[WhiteClock "0:00:33"]
[BlackClock "0:00:15"]

1. d4 d5 2. c4 Nf6 3. Nf3 g6 4. Nc3 Bg7 5. Bf4 O-O 6. e3 dxc4 7. Bxc4 c5 8. O-O cxd4 9. Nxd4 Nc6 10. Nxc6 bxc6 11. Qf3 Bb7 12. Rfd1 Qa5 13. Bb3 Rfd8 14. h3 Nd5 15. Nxd5 cxd5 16. Rac1 Rac8 17. Qe2 Rxc1 18. Rxc1 e5 19. Bg5 Rc8 20. Rxc8+ Bxc8 21. e4 Ba6 22. Qf3 Qe1+ 23. Kh2 Qxe4 24. Bxd5 Qxf3 25. Bxf3 e4 26. Bxe4 Bxb2 27. Be3 Bc4 28. Bxa7 Bxa2 29. Bb8 f5 30. Bc6 Kf7 31. g4 Ke6 32. Kg3 Bd4 33. Bb7 Bb3 34. Bc8+ Kf6 35. gxf5 gxf5 36. Bf4 Bc2 37. h4 Be4 38. f3 Bd3 39. Bg5+ Kg6 40. Kf4 Bc3 41. Ke3 Bb1 42. Bd7 Bb2 43. Be8+ Kg7 44. h5 Bc1+ 45. Kd4 Bxg5 46. Ke5 Bd2 47. Bd7 Bc3+ 48. Kf4 Kf6 49. Bc8 Bd2+ 50. Kg3 Kg5 51. Bb7 Kxh5 52. Kh3 Kg5 53. Kg2 Bf4 54. Ba8 Bd3 55. Bb7 h5 56. Bc6 h4 57. Bb7 h3+ 58. Kxh3 Bf1# 0-1


[Site "https://www.chess.com"]

[Event "Titled Tuesday Blitz January 17 Early 2023"]
[White "Dilmukhametov, Artur"]
[Black "Sonnenschein, Philipp"]
[WhiteFideId "24179922"]
[BlackFideId "16250877"]
[WhiteElo "2276"]
[BlackElo "2224"]
[Result "0-1"]
[Round "05"]
[TimeControl "180+2"]
[Date "2023.01.17"]
[WhiteClock "0:00:47"]
[BlackClock "0:00:43"]

1. d4 Nf6 2. Nc3 d6 3. e4 g6 4. Bd3 Bg7 5. Bf4 O-O 6. Qd2 c5 7. Bh6 cxd4 8. Nce2 Nc6 9. Bxg7 Kxg7 10. Nf3 d5 11. exd5 Qxd5 12. b3 e5 13. Bc4 Qd6 14. O-O Bg4 15. Ne1 e4 16. c3 d3 17. Ng3 Rad8 18. f3 Qc5+ 19. Kh1 e3 20. Qb2 d2 21. Nd3 Rxd3 22. Bxd3 Be6 23. Rad1 h5 24. h3 h4 25. Ne2 Nh5 26. Kh2 Qd6+ 27. Kg1 Qxd3 0-1


[Site "https://www.chess.com"]

[Event "Titled Tuesday Blitz January 17 Early 2023"]
[White "Zherebtsova, Alexandra"]
[Black "Samaganova, Aleksandra"]
[WhiteFideId "24129518"]
[BlackFideId "13800221"]
[WhiteElo "2155"]
[BlackElo "1856"]
[Result "1-0"]
[Round "05"]
[TimeControl "180+2"]
[Date "2023.01.17"]
[WhiteClock "0:00:15"]
[BlackClock "0:00:01"]

1. d4 Nf6 2. Nf3 e6 3. c4 b6 4. g3 Bb7 5. Bg2 Be7 6. O-O d5 7. cxd5 exd5 8. Nc3 O-O 9. Ne5 c6 10. Bf4 Nbd7 11. Rc1 Nxe5 12. Bxe5 Bd6 13. e4 dxe4 14. Nxe4 Nxe4 15. Bxe4 Rc8 16. Qa4 Bxe5 17. dxe5 Qc7 18. f4 c5 19. Rfd1 Bxe4 20. Qxe4 Rfd8 21. f5 Qe7 22. e6 h6 23. Qe5 fxe6 24. fxe6 Kh8 25. Rf1 Kg8 26. Rf7 Qg5 27. Qxg5 hxg5 28. Rxa7 Rd2 29. Rf1 Re8 30. Rff7 Rxe6 31. Rxg7+ Kf8 32. Rgf7+ Ke8 33. Rf2 Rd1+ 34. Kg2 1-0


[Site "https://www.chess.com"]

[Event "Titled Tuesday Blitz January 17 Early 2023"]
[White "Lacasa Diaz, Jose Antonio"]
[Black "Cueto, Jonny"]
[WhiteFideId "2203375"]
[BlackFideId "3300145"]
[WhiteElo "2359"]
[BlackElo "2122"]
[Result "0-1"]
[Round "05"]
[TimeControl "180+2"]
[Date "2023.01.17"]
[WhiteClock "0:01:18"]
[BlackClock "0:00:27"]

1. e4 e6 2. d4 d5 3. Nc3 Nf6 4. Bg5 Be7 5. e5 Nfd7 6. Bxe7 Qxe7 7. f4 a6 8. Nf3 c5 9. Qd2 Nc6 10. dxc5 Nxc5 11. Bd3 b5 12. Qe3 Bd7 13. O-O-O Rc8 14. Kb1 b4 15. Ne2 a5 16. Ned4 a4 17. Nxc6 Bxc6 18. Nd4 b3 19. Nxc6 bxc2+ 20. Bxc2 Rxc6 21. a3 O-O 22. g4 Rb8 23. Ka1 Rcb6 24. Rb1 Nb3+ 25. Bxb3 Rxb3 26. Qd2 Qb7 27. f5 Qb5 28. f6 Qd3 29. Qg2 Qf3 30. Qd2 Qe3 31. Rhd1 Qxe5 32. fxg7 Rxa3# 0-1


[Site "https://www.chess.com"]

[Event "Titled Tuesday Blitz January 17 Early 2023"]
[White "Riverol, Jose"]
[Black "Forgacs, Attila Jr."]
[WhiteFideId "3000427"]
[BlackFideId "773654"]
[WhiteElo "2304"]
[BlackElo "2264"]
[Result "1/2-1/2"]
[Round "05"]
[TimeControl "180+2"]
[Date "2023.01.17"]
[WhiteClock "0:00:15"]
[BlackClock "0:00:21"]

1. d4 Nf6 2. c4 d6 3. Nc3 Nbd7 4. Nf3 g6 5. Bg5 h6 6. Bh4 Bg7 7. e3 O-O 8. Qc2 c5 9. Rd1 a6 10. Be2 g5 11. Bg3 Nh5 12. Nxg5 hxg5 13. Bxh5 Nf6 14. Bf3 cxd4 15. exd4 Qa5 16. O-O Bf5 17. Qe2 Qc7 18. h3 Rac8 19. c5 Qd7 20. cxd6 exd6 21. Qd2 g4 22. hxg4 Nxg4 23. Qf4 Rfd8 24. Nd5 Rc2 25. Bxg4 Bxg4 26. Rd2 Rxd2 27. Qxd2 Be6 28. Nc3 b5 29. d5 Bf5 30. Re1 Bg6 31. Ne4 Re8 32. Nc3 Rxe1+ 33. Qxe1 b4 34. Ne4 Qe7 35. f3 f5 36. Nxd6 Qxe1+ 37. Bxe1 Bd4+ 38. Kh2 Bxb2 39. Bxb4 Bf7 40. Nxf5 Bxd5 41. a3 Bb3 42. Nd6 Be5+ 43. g3 Bxd6 44. Bxd6 Bd5 45. Kg2 Kf7 46. Bc5 Ke6 47. g4 Bc6 48. Kg3 Kf6 49. Bb4 Bd7 50. Bc5 Bb5 51. f4 Bd7 52. f5 Bxf5 53. gxf5 Kxf5 54. a4 Ke6 55. a5 Kd5 56. Bb4 Kc6 57. Be1 Kb5 58. Kf2 Kc6 59. Ke3 Kb7 60. Kd4 Ka8 61. Kc5 Kb8 62. Kb6 Ka8 63. Kxa6 Kb8 64. Bc3 Ka8 65. Bd4 Kb8 66. Ba7+ Ka8 67. Kb6 1/2-1/2


[Site "https://www.chess.com"]

[Event "Titled Tuesday Blitz January 17 Early 2023"]
[White "Dinu, Dumitru-Daniel"]
[Black "Cepo, Toni"]
[WhiteFideId "1208403"]
[BlackFideId "4675916"]
[WhiteElo "2203"]
[BlackElo "2145"]
[Result "1-0"]
[Round "05"]
[TimeControl "180+2"]
[Date "2023.01.17"]
[WhiteClock "0:00:08"]
[BlackClock "0:00:23"]

1. e4 e5 2. Nf3 Nf6 3. Nxe5 d6 4. Nf3 Nxe4 5. Nc3 Nxc3 6. dxc3 Be7 7. Bd3 Nc6 8. Be3 Be6 9. Qd2 O-O 10. O-O Ne5 11. Nxe5 dxe5 12. Qe2 f5 13. Rad1 Qe8 14. Bc4 Qf7 15. Bxe6 Qxe6 16. b3 Bd6 17. c4 f4 18. Bc1 f3 19. Qe4 fxg2 20. Kxg2 c6 21. Rd3 Rf6 22. Rg3 Qf5 23. Qxf5 Rxf5 24. Be3 e4 25. Rg4 Re8 26. Rd1 Re6 27. Rd4 Ra5 28. a4 h5 29. Rgxe4 Rxe4 30. Rxe4 Kf7 31. Rd4 Ke6 32. Re4+ Kd7 33. Rd4 Kc7 34. Rd3 Rf5 35. Bxa7 b6 36. Bxb6+ Kxb6 37. Rxd6 Rg5+ 38. Kf3 Rf5+ 39. Kg2 Rg5+ 40. Kf1 Rf5 41. Rg6 Rf7 42. a5+ Ka6 43. Rxc6+ Kxa5 44. Rc5+ Kb4 45. Rxh5 Kc3 46. c5 Kxc2 47. b4 Kb3 48. b5 Kc4 49. b6 Kb5 50. Rg5 Kc6 51. h4 g6 52. Rxg6+ Kxc5 53. h5 Rh7 54. h6 Kb5 55. Kg2 Kc5 56. Kg3 1-0


[Site "https://www.chess.com"]

[Event "Titled Tuesday Blitz January 17 Early 2023"]
[White "Nikulina, Alena"]
[Black "Gressmann, Moritz"]
[WhiteFideId "4172051"]
[BlackFideId "24695084"]
[WhiteElo "1857"]
[BlackElo "2129"]
[Result "0-1"]
[Round "05"]
[TimeControl "180+2"]
[Date "2023.01.17"]
[WhiteClock "0:00:02"]
[BlackClock "0:00:50"]

1. e4 Nf6 2. e5 Nd5 3. d4 d6 4. Bc4 Nb6 5. Bb3 dxe5 6. Qh5 e6 7. dxe5 Nc6 8. Nf3 Bc5 9. O-O a5 10. a4 Nd4 11. Ng5 g6 12. Qh6 Bf8 13. Qh3 Ne2+ 14. Kh1 Nxc1 15. Rxc1 Qxg5 16. Re1 Bg7 17. Nc3 O-O 18. Re3 Nd5 19. Nxd5 exd5 20. Qf3 d4 21. Re4 Bf5 22. Rf4 Bxe5 23. Rxf5 Qxf5 24. Qxb7 Rab8 25. Qd5 Rfd8 26. Qxa5 d3 27. Re1 d2 28. Rd1 Qf4 29. g3 Qf3+ 30. Kg1 Qxd1+ 0-1


[Site "https://www.chess.com"]

[Event "Titled Tuesday Blitz January 17 Early 2023"]
[White "Marn, Jan"]
[Black "MunichMouse"]
[WhiteFideId "14619245"]
[WhiteElo "2345"]
[BlackElo "2211"]
[Result "1-0"]
[Round "05"]
[TimeControl "180+2"]
[Date "2023.01.17"]
[WhiteClock "0:00:04"]
[BlackClock "0:00:14"]

1. d4 Nf6 2. Nf3 g6 3. Nc3 d5 4. h4 h5 5. Bg5 Bg7 6. e3 Nbd7 7. Bd3 O-O 8. O-O c5 9. Be2 Re8 10. Rb1 cxd4 11. exd4 Nf8 12. Re1 Ne6 13. Bd3 Nxg5 14. hxg5 Nh7 15. Ne2 Nf8 16. Nf4 Bg4 17. Qd2 Bxf3 18. gxf3 Qd6 19. Re2 e6 20. c3 Rac8 21. Rbe1 a6 22. Bc2 b5 23. Nd3 Nd7 24. b4 Nb6 25. Nc5 Nc4 26. Qc1 a5 27. a3 Ra8 28. Bxg6 fxg6 29. Rxe6 Rxe6 30. Rxe6 Qf8 31. Rxg6 Kh7 32. Qc2 Kh8 33. Ne6 Qxf3 34. Rxg7 Qe4 35. Qxe4 dxe4 36. g6 Nxa3 37. bxa5 Nc4 38. Rf7 Rg8 39. Rf8 Nxa5 40. Kg2 Rxf8 41. g7+ Kg8 42. gxf8=Q+ Kh7 43. Qg7# 1-0


[Site "https://www.chess.com"]

[Event "Titled Tuesday Blitz January 17 Early 2023"]
[White "Mitrovic, Darko R"]
[Black "Luukkonen, Tommi"]
[WhiteFideId "927023"]
[BlackFideId "501808"]
[WhiteElo "2220"]
[BlackElo "2292"]
[Result "0-1"]
[Round "05"]
[TimeControl "180+2"]
[Date "2023.01.17"]
[WhiteClock "0:00:01"]
[BlackClock "0:00:56"]

1. d4 d5 2. Nf3 e6 3. g3 Nf6 4. Bg2 c5 5. O-O cxd4 6. Nxd4 e5 7. Nf3 Nc6 8. Bg5 Be6 9. c3 Be7 10. Nbd2 O-O 11. Nb3 Qb6 12. Be3 Qc7 13. Bc5 Rfd8 14. Bxe7 Qxe7 15. Qd2 Ne4 16. Qe3 f6 17. Nfd2 Nd6 18. a4 a5 19. Qc5 Qf7 20. Qa3 b6 21. Nc1 Rac8 22. Nd3 f5 23. f4 e4 24. Nc1 d4 25. Ndb3 d3 26. exd3 exd3 27. Nd2 Bd5 28. Ncb3 Ne4 29. Rfe1 Re8 30. Rad1 g5 0-1


[Site "https://www.chess.com"]

[Event "Titled Tuesday Blitz January 17 Early 2023"]
[White "Seletsky, Grigory"]
[Black "Torres Dominguez, David"]
[WhiteFideId "14112191"]
[BlackFideId "2220857"]
[WhiteElo "2259"]
[BlackElo "1994"]
[Result "1/2-1/2"]
[Round "05"]
[TimeControl "180+2"]
[Date "2023.01.17"]
[WhiteClock "0:00:06"]
[BlackClock "0:00:08"]

1. e4 Nc6 2. Nc3 e5 3. Bc4 Nf6 4. d3 Bb4 5. Bd2 Bxc3 6. bxc3 d5 7. exd5 Nxd5 8. Qf3 Be6 9. Ne2 Qd7 10. h3 O-O-O 11. O-O g5 12. Bxg5 Rdg8 13. Bh4 Rg6 14. Ng3 Nf4 15. Bxe6 fxe6 16. Rfe1 Rhg8 17. Rxe5 Nxh3+ 18. gxh3 Nxe5 19. Qe4 Qd6 20. Rb1 Qd5 21. Kh1 Nf3 22. Be7 Qxe4 23. dxe4 R8g7 24. Bc5 Rf7 25. a4 b6 26. Be3 a5 27. c4 Kb7 28. c5 e5 29. cxb6 cxb6 30. Nf5 Rf8 31. c4 Rfg8 32. Ng3 Kc6 33. Rb5 Nd4 34. Rd5 Re6 35. Kg2 Ne2 36. Rb5 Nxg3 37. fxg3 Rb8 38. c5 Kc7 39. cxb6+ Kb7 40. Rxa5 Ra8 41. Rxa8 Kxa8 42. a5 Kb7 43. Kf3 Rc6 44. Bd2 Rc2 45. Ke2 Ra2 46. g4 Ra3 47. h4 Rh3 48. h5 Rh4 49. Kf3 Rh3+ 50. Kg2 Rd3 51. Be1 Re3 52. Bg3 Rxe4 53. g5 Rg4 54. g6 hxg6 55. h6 Rg5 56. Kf3 Rh5 57. Ke4 Rxh6 58. Bxe5 Rh5 59. Bc3 Rf5 60. Bd2 Ka6 61. Bc3 Kb7 62. Bd2 Rc5 63. Kf4 Rb5 64. Kg4 Kc6 65. Kf4 Kd6 66. Kg4 Kc6 67. Bc3 Kb7 68. Bd2 Rd5 69. Bc3 Rd3 70. Be1 Rd1 71. Bc3 Rc1 72. Be1 Rc5 73. Kf4 Rb5 74. Kg4 g5 75. Bd2 Ka6 76. Bxg5 Rxa5 77. Be3 Rb5 78. Kf3 Kb7 79. Ke4 Rxb6 80. Bxb6 1/2-1/2


[Site "https://www.chess.com"]

[Event "Titled Tuesday Blitz January 17 Early 2023"]
[White "Andreev, Konstantin"]
[Black "Winkels, Marcel"]
[WhiteFideId "24239305"]
[BlackFideId "1003887"]
[WhiteElo "2195"]
[BlackElo "1960"]
[Result "1-0"]
[Round "05"]
[TimeControl "180+2"]
[Date "2023.01.17"]
[WhiteClock "0:00:44"]
[BlackClock "0:00:04"]

1. e4 c5 2. Nf3 e6 3. d4 cxd4 4. Nxd4 Nc6 5. Nc3 Qc7 6. g4 a6 7. h4 b5 8. Nxc6 Qxc6 9. a3 Nf6 10. Bg2 Bb7 11. g5 Ng8 12. Qd4 O-O-O 13. Be3 f5 14. O-O-O Ne7 15. Rhg1 Qc7 16. Qd2 Kb8 17. exf5 Nxf5 18. Bf4 e5 19. Bxb7 Kxb7 20. Qd5+ Kb8 21. Bxe5 d6 22. Bh2 g6 23. Rg4 Bg7 24. Nxb5 axb5 25. Rb4 Kc8 26. Qxb5 Rhe8 27. Rc4 Re7 28. Rxc7+ Rxc7 29. c3 Rc5 30. Qa6+ Kd7 31. Bxd6 1-0


[Site "https://www.chess.com"]

[Event "Titled Tuesday Blitz January 17 Early 2023"]
[White "Tarnowska, Aleksandra"]
[Black "Perez Rodriguez, Jennifer"]
[WhiteFideId "1180967"]
[BlackFideId "3507831"]
[WhiteElo "1835"]
[BlackElo "2242"]
[Result "0-1"]
[Round "05"]
[TimeControl "180+2"]
[Date "2023.01.17"]
[WhiteClock "0:00:02"]
[BlackClock "0:00:58"]

1. e4 e5 2. Nf3 Nc6 3. Bb5 f5 4. d4 fxe4 5. Nxe5 Nxe5 6. dxe5 c6 7. Nc3 cxb5 8. Nxe4 d5 9. exd6 Nf6 10. Nxf6+ Qxf6 11. Qh5+ g6 12. Qxb5+ Kf7 13. O-O Bxd6 14. Bg5 Qe5 15. Qb3+ Be6 16. Qxb7+ Bc7 17. f4 Qc5+ 18. Kh1 Rab8 19. Qe4 Rhe8 20. Rad1 Rxb2 21. Qa4 Rbb8 22. Rde1 Qb5 23. Qd4 Bb6 24. Qf6+ Kg8 25. Bh6 Qd7 26. Re5 Qf7 27. Qxf7+ Bxf7 28. Rfe1 Bf2 29. R1e2 Rb1+ 0-1


[Site "https://www.chess.com"]

[Event "Titled Tuesday Blitz January 17 Early 2023"]
[White "Silva, Pedro Gil Ferreira Da"]
[Black "Aung Thant Zin"]
[WhiteFideId "1946102"]
[BlackFideId "13000063"]
[WhiteElo "2227"]
[BlackElo "2268"]
[Result "1-0"]
[Round "05"]
[TimeControl "180+2"]
[Date "2023.01.17"]
[WhiteClock "0:00:18"]
[BlackClock "0:00:01"]

1. c4 e5 2. Nc3 Nf6 3. Nf3 Nc6 4. e4 Bc5 5. Nxe5 Nxe5 6. d4 Bb4 7. dxe5 Nxe4 8. Qf3 Nxc3 9. bxc3 Be7 10. Qg3 Kf8 11. Bd3 b6 12. Be4 Rb8 13. O-O Bb7 14. Bxb7 Rxb7 15. Be3 d6 16. Rad1 Qc8 17. exd6 Bxd6 18. Bf4 Bxf4 19. Qxf4 h5 20. Rfe1 Rh6 21. Qg5 f6 22. Qd5 c6 23. Qd6+ Kg8 24. Re7 Rxe7 25. Qxe7 Qg4 26. Rd7 Rg6 27. g3 Qxc4 28. Rxa7 f5 29. Qe8+ Kh7 30. Ra8 Re6 31. Qh8+ Kg6 32. Re8 Rxe8 33. Qxe8+ Kh7 34. Qxh5+ Kg8 35. Qf3 g6 36. h4 Kg7 37. Kg2 Qxa2 38. Qxc6 Qb3 39. Qc7+ Kh6 40. Qf4+ Kg7 41. Qb4 1-0


[Site "https://www.chess.com"]

[Event "Titled Tuesday Blitz January 17 Early 2023"]
[White "Tharushi, T H D Niklesha"]
[Black "Liu, Casper"]
[WhiteFideId "9918264"]
[BlackFideId "1454153"]
[WhiteElo "1570"]
[BlackElo "2278"]
[Result "0-1"]
[Round "05"]
[TimeControl "180+2"]
[Date "2023.01.17"]
[WhiteClock "0:00:29"]
[BlackClock "0:02:17"]

1. e4 e5 2. Nf3 Nc6 3. Bc4 a6 4. c3 b5 5. Bb3 Nf6 6. d3 Bc5 7. O-O O-O 8. Bg5 d6 9. Nbd2 h6 10. Bh4 Bg4 11. h3 Bh5 12. Re1 g5 13. Bg3 Ne7 14. Nf1 Ng6 15. d4 exd4 16. cxd4 Bb6 17. Ne3 Bxf3 18. gxf3 Nh5 19. Nf5 Kh7 20. Bc2 Qf6 21. e5 dxe5 22. dxe5 Qe6 23. Kg2 Nhf4+ 24. Bxf4 Nxf4+ 25. Kg3 Kg8 26. Be4 Rad8 27. Qb3 Qxe5 28. Nxh6+ Kg7 29. Ng4 Qd4 30. Qc3 f5 31. Bxf5 Rxf5 32. Re7+ Rf7 33. Qxd4+ Bxd4 34. Rxf7+ Kxf7 35. h4 Ne2+ 36. Kh3 Rh8 37. Re1 Nf4+ 38. Kg3 Rxh4 39. Ne5+ Kf6 40. Nd7+ Kf5 0-1


[Site "https://www.chess.com"]

[Event "Titled Tuesday Blitz January 17 Early 2023"]
[White "Fernandez Siles, Luis"]
[Black "Vargas, Mauricio"]
[WhiteFideId "2209420"]
[BlackFideId "4404572"]
[WhiteElo "2218"]
[BlackElo "2035"]
[Result "1-0"]
[Round "05"]
[TimeControl "180+2"]
[Date "2023.01.17"]
[WhiteClock "0:01:44"]
[BlackClock "0:01:19"]

1. d4 d5 2. c4 c6 3. Nf3 e6 4. Nc3 dxc4 5. e4 b5 6. Be2 Bb4 7. O-O Bb7 8. Bg5 Qc7 9. d5 Bxc3 10. d6 Qd7 11. bxc3 f6 12. Bc1 e5 13. Nh4 g6 14. f4 exf4 15. Bxf4 c5 16. e5 g5 17. Bxg5 fxg5 18. Bh5+ Kd8 19. Rf8+ 1-0


[Site "https://www.chess.com"]

[Event "Titled Tuesday Blitz January 17 Early 2023"]
[White "Lorenzo De La Riva, Lazaro"]
[Black "Mohammadian, Mohammad"]
[WhiteFideId "2268809"]
[BlackFideId "12566055"]
[WhiteElo "2404"]
[BlackElo "1398"]
[Result "0-1"]
[Round "05"]
[TimeControl "180+2"]
[Date "2023.01.17"]
[WhiteClock "0:00:01"]
[BlackClock "0:00:18"]

1. b3 Nf6 2. Bb2 d5 3. e3 g6 4. c4 Bg7 5. cxd5 Qxd5 6. f3 O-O 7. Ne2 Nc6 8. Nf4 Qd8 9. d4 Bf5 10. e4 Bd7 11. d5 Nb8 12. Nc3 c6 13. Rb1 cxd5 14. Ncxd5 Nxd5 15. Nxd5 Bxb2 16. Rxb2 Be6 17. Ne3 Qxd1+ 18. Nxd1 Nc6 19. Ne3 Rfd8 20. Be2 Rd7 21. Kf2 Rad8 22. Rd1 Rxd1 23. Bxd1 Rd7 24. Be2 Nb4 25. Ke1 b6 26. h4 h6 27. Kf2 Nd3+ 28. Bxd3 Rxd3 29. Ke2 Rd7 30. Rc2 Kg7 31. Rd2 Rxd2+ 32. Kxd2 f6 33. Kd3 g5 34. h5 Kf7 35. g4 Ke8 36. Kd4 Kd7 37. e5 Kc6 38. a3 a5 39. b4 axb4 40. axb4 Kb5 41. exf6 exf6 42. Kc3 Ka4 43. Nc4 Kb5 44. Nd6+ Kc6 45. Ne4 Kd5 46. Nxf6+ Ke5 47. Nh7 Kf4 48. Kd4 Kxf3 49. Ke5 Bxg4 50. Nf6 Bc8 51. Ng8 g4 52. Nxh6 g3 53. Nf7 g2 54. Ng5+ Kf2 55. Ne4+ Kf1 56. Nd2+ Ke2 57. Nc4 g1=Q 58. Nd6 Bg4 59. Ne4 Qh2+ 60. Kd4 Qxh5 0-1


[Site "https://www.chess.com"]

[Event "Titled Tuesday Blitz January 17 Early 2023"]
[White "Baches Garcia, Guillermo"]
[Black "Hartikainen, Jarmo"]
[WhiteFideId "2209764"]
[BlackFideId "503134"]
[WhiteElo "2327"]
[BlackElo "2108"]
[Result "1-0"]
[Round "05"]
[TimeControl "180+2"]
[Date "2023.01.17"]
[WhiteClock "0:00:12"]
[BlackClock "0:00:15"]

1. e4 c5 2. Nf3 e6 3. c4 Nc6 4. d4 cxd4 5. Nxd4 Nf6 6. Nc3 Bb4 7. Nxc6 dxc6 8. Qxd8+ Kxd8 9. e5 Ne4 10. a3 Bxc3+ 11. bxc3 Nxc3 12. Be3 b6 13. Bd3 Kc7 14. a4 Rd8 15. Bc2 b5 16. axb5 cxb5 17. cxb5 Nxb5 18. O-O a6 19. Rfc1 Kb8 20. Bb6 Rd7 21. Bxh7 Bb7 22. Bc2 Bd5 23. Ba4 Kb7 24. Be3 Rc7 25. Rcb1 Bc6 26. Bd1 Rd8 27. Be2 Rd5 28. f4 Rcd7 29. Kf2 f5 30. exf6 gxf6 31. h4 R7d6 32. h5 e5 33. h6 f5 34. h7 Rh6 35. Rh1 Rdd6 36. h8=Q Rxh8 37. Rxh8 exf4 38. Bxf4 Re6 39. Rh7+ Kb6 40. Be3+ Nd4 41. Bxd4# 1-0


[Site "https://www.chess.com"]